AoeStats
← GodLikeLukas

Coastal Forest

503264293Analyzed
2v2 RM · 1mo ago on Aug 30, 2026· 29m 54s· 4 players
Game mode
Random Map
Map size
Medium (4 player)
Population
200
Speed
Normal
Resources
Standard
Victory
Conquest
Starting age
Dark Age
Ending age
Imperial Age
RankedLock teamsTeams togetherTeam positionsShared explorationLock speedFull tech treeHidden civsTurbo modeCheats
Victory
Defeat
🇺🇸 Magyars · United States
1243
+13
🇩🇪 Berbers · Germany
1202
+14
🇵🇾 Bulgarians · Paraguay
1169
-14
🇵🇾 Poles · Paraguay
1169
-14
jimmythejalapeno
9:52 Feudal Age
12:48 Bloodlines
15:22 Double-Bit Axe
18:14 Scale Barding Armor
22:19 Wheelbarrow
26:09 Castle Age
24:28 Loom
26:16 Light Cavalry
26:56 Husbandry
27:24 Chain Barding Armor
28:08 Hand Cart
GodLikeLukas
6:59 Loom
9:33 Feudal Age
10:34 Double-Bit Axe
11:34 Horse Collar
14:49 Fletching
19:00 Wheelbarrow
22:16 Castle Age
20:26 Stone Mining
23:16 Bow Saw
22:38 Crossbowman
23:16 Bodkin Arrow
24:16 Heavy Plow
24:29 Padded Archer Armor
24:42 Bloodlines
27:53 Hand Cart
29:50 Gold Mining
jaypi
11:11 Feudal Age
9:53 Loom
11:45 Horse Collar
11:52 Double-Bit Axe
17:02 Castle Age
17:09 Light Cavalry
18:33 Scale Barding Armor
22:49 Heavy Plow
MOONDERNAR
4:54 Loom
9:55 Feudal Age
21:15 Castle Age
19:39 Double-Bit Axe
22:09 Bloodlines
23:49 Forging
23:46 Fletching
29:34 Pikeman
Connection lost

Rejoining the realm…

Still unreachable

The connection could not be restored.

Session expired

The server has moved on; the page needs a fresh start.